 Dungeon Crawl Stone Soup version 0.27.0-1-g7a089689b8 (webtiles) character file.

Game seed: 11043637613940652625

501 Majang the Skirmisher (level 6, -5/52 HPs)
             Began as a Demonspawn Wanderer on Aug 5, 2021.
             Killed from afar by Edmund (8 damage)
             ... with a puff of flame
             ... on level 4 of the Dungeon.
             The game lasted 00:12:54 (4280 turns).

Majang the Skirmisher (Demonspawn Wanderer)         Turns: 4280, Time: 00:12:55

Health: -5/52      AC:  8    Str: 16    XL:     6   Next: 95%
Magic:  6/6        EV:  9    Int: 18    God:
Gold:   159        SH:  0    Dex: 12    Spells: 5/5 levels left

rFire    . . .     SeeInvis .   a - +0 hand axe (spect)
rCold    . . .     Faith    .   (no shield)
rNeg     . . .     Spirit   .   q - +0 scale mail
rPois    .         Reflect  .   (helmet restricted)
rElec    .         Harm     .   t - +1 cloak
rCorr    .         Rampage  .   (no gloves)
Will     .....                  (no boots)
Stlth    ..........             (no amulet)
HPRegen  0.17/turn              d - +6 ring of intelligence
MPRegen  0.10/turn              (no ring)

@: mighty, hasted, very quick
A: horns 1, foul stench 2, powered by pain 2
a: no special abilities


You were on level 4 of the Dungeon.
You visited 1 branch of the dungeon, and saw 4 of its levels.

You collected 159 gold pieces.

Inventory:

Hand Weapons
 a - a +0 spectral hand axe (weapon)
 b - a +3 mace
 c - a +2 mace
Missiles
 e - 2 javelins
 u - a throwing net (quivered)
Armour
 q - a +0 scale mail (worn)
 t - a +1 cloak (worn)
Jewellery
 d - a +6 ring of intelligence (left hand)
Scrolls
 h - a scroll of teleportation
Potions
 g - a potion of magic {unknown}
 i - a potion of lignification {unknown}
 k - a potion of might {unknown}
 m - a potion of ambrosia {unknown}
 s - 2 potions of mutation {unknown}


   Skills:
 + Level 5.8 Fighting
 * Level 5.7(5.8) Axes
 - Level 1.0(3.7) Maces & Flails
 - Level 1.0 Throwing
 - Level 1.0 Armour
 - Level 1.0 Evocations


You had 5 spell levels left.
You didn't know any spells.
Your spell library contained the following spells:

 Spells                   Type           Power      Damage    Failure   Level
 Stone Arrow              Conj/Erth      0%         3d7       94%         3
 Animate Armour           Summ/Erth      0%         N/A       100%        4
 Petrify                  Tmut/Erth      0%         N/A       100%        4
 Metabolic Englaciation   Hex/Ice        0%         N/A       100%        5
 Statue Form              Tmut/Erth      0%         N/A       100%        6
 Lehudib's Crystal Spear  Conj/Erth      0%         10d2      100%        8


Dungeon Overview and Level Annotations

Branches:
Dungeon (4/15)
 Temple: D:4-7

Altars:
Trog
Wu Jian

Annotations:
D:4 Edmund; Tutankhamun's ghost, novice OpBr


Innate Abilities, Weirdness & Mutations

You have a pair of small horns on your head.
You sometimes emit foul miasma when damaged in melee.
You sometimes gain power by taking damage.


Message History

You hit the iguana.
The iguana is lightly wounded.
Your spectral +0 spectral hand axe hits the iguana.
The iguana bites you!
You hit Edmund but do no damage. Your headbutt misses Edmund.
You hit the iguana.
Your spectral +0 spectral hand axe hits the iguana.
Edmund hits you with a +0 dire flail of protection.
The iguana bites you.
You closely miss Edmund. You hit the iguana but do no damage.
Your spectral +0 spectral hand axe hits the iguana!
You kill the iguana!
Your spectral +0 spectral hand axe hits Edmund.
Edmund zaps a wand.
The puff of flame hits you.
You hit Edmund but do no damage.
Edmund is lightly wounded.
Your spectral +0 spectral hand axe barely misses Edmund.
Edmund zaps a wand.
The puff of flame hits you.
You completely miss Edmund. You headbutt Edmund, but do no damage.
Edmund is lightly wounded.
Your spectral +0 spectral hand axe hits Edmund but does no damage.
Edmund zaps a wand.
The puff of flame hits you.
* * * LOW HITPOINT WARNING * * *
You hit Edmund. Your headbutt misses Edmund.
Edmund is lightly wounded.
Your spectral +0 spectral hand axe barely misses Edmund.
Your spectral +0 spectral hand axe fades away.
Edmund closely misses you.
Edmund zaps a wand.
The puff of flame hits you!
* * * LOW HITPOINT WARNING * * *
You focus on the pain.
You feel very mighty all of a sudden.
A jackal comes into view.
Edmund zaps a wand.
The puff of flame misses you.
You feel yourself speed up.
The jackal barks!
A jackal comes into view.
The jackal barks!
Edmund zaps a wand.
The puff of flame hits you!
You die...

#.....................
########..............).....
#...........................
#.#######....................
##..........h..........
##......................
##........h..............
#######........................
..............@...............)
#..................... ........
##.........@.......... ........
#.................... ........
#...$....)............ .......#
...........).......... .......
...................... .......
^..................... ......#.
..................... .....##.


You could see Edmund and 2 jackals.

Vanquished Creatures
  Sigmund (D:4)
  Crazy Yiuf (D:3)
  An orc priest (D:3)
  An iguana (D:4)
  An orc wizard (D:4)
  A hound skeleton (D:4)
  4 gnolls
  6 adders
  2 worms (D:2)
  2 dart slugs (D:3)
  17 orcs
  5 bats
  11 endoplasms
  2 giant cockroaches
  5 goblins
  10 hobgoblins
  9 jackals
  5 kobolds
  4 quokkas
  3 ball pythons
  2 frilled lizards
  3 rats
96 creatures vanquished.

Vanquished Creatures (others)
  18 plants (D:3)
18 creatures vanquished.

Grand Total: 114 creatures vanquished

Notes
Turn   | Place    | Note
-------+----------+-------------------------------------------
     0 | D:1      | Majang the Demonspawn Wanderer began the quest for the Orb.
     0 | D:1      | Majang set off with the following items: a +2 mace, a +0
                  | ring mail, a +0 hand axe
     0 | D:1      | Reached XP level 1. HP: 19/19 MP: 1/1
   148 | D:1      | Gained mutation: You sometimes gain a little power by
                  | taking damage. [demonic ancestry]
   148 | D:1      | Reached XP level 2. HP: 22/25 MP: 2/2
   458 | D:1      | Gained mutation: You may rarely emit foul miasma when
                  | damaged in melee. [demonic ancestry]
   458 | D:1      | Reached XP level 3. HP: 24/30 MP: 3/3
  1228 | D:2      | Gained mutation: You have a pair of small horns on your
                  | head. [demonic ancestry]
  1228 | D:2      | Reached XP level 4. HP: 36/38 MP: 4/4
  2255 | D:3      | Found an ornate altar of the Wu Jian Council.
  2422 | D:3      | Found a bloodstained altar of Trog.
  2578 | D:3      | Gained mutation: You sometimes emit foul miasma when
                  | damaged in melee. [demonic ancestry]
  2578 | D:3      | Reached XP level 5. HP: 13/43 MP: 5/5
  2825 | D:3      | Found a runed translucent door.
  2826 | D:3      | Noticed Crazy Yiuf
  2833 | D:3      | Killed Crazy Yiuf
  2834 | D:3      | Reached skill level 5 in Fighting
  3585 | D:4      | Noticed Tutankhamun's ghost (novice OpBr)
  3974 | D:4      | Gained mutation: You sometimes gain power by taking damage.
                  | [demonic ancestry]
  3974 | D:4      | Reached XP level 6. HP: 41/51 MP: 6/6
  4184 | D:4      | Reached skill level 5 in Axes
  4259 | D:4      | Noticed Sigmund
  4264 | D:4      | Noticed Edmund
  4266 | D:4      | Killed Sigmund
  4276 | D:4      | HP: 2/52 [Edmund/puff of flame (9)]
  4280 | D:4      | Killed from afar by Edmund

Illustrated notes

Levels and vault maps discovered:
D:1:      wander_arrival_peaceful_grave, layout_rooms
D:2:      layout_rooms, kennysheep_generic_room_10
D:3:      layout_basic, mainiacjoe_overflow_chevrons,
          nicolae_overflow_crystal_walls, serial_bayou_pond_d,
          uniq_crazy_yiuf_cottage
D:4:      layout_layer_cave, makhleb_heckhound_becter, gammafunk_ghost_arena,
          minmay_small_thing, uniq_ijyb, uniq_edmund, uniq_sigmund

Skill      XL: |  1  2  3  4  5  6 |
---------------+-------------------+-----
Axes           | 2 3 4 5 |  5.7
Fighting       | 5 |  5.8
Maces & Flails | |  1.0
Throwing       | |  1.0
Armour         | |  1.0
Evocations     | |  1.0

Action                   |  1- 3 |  4- 6 || total
-------------------------+-------+-------++-------
Melee: Mace              |   106 |   114 ||   220
       Headbutt          |       |    17 ||    17
       Hand axe          |       |    34 ||    34
  Use: Scroll            |       |     8 ||     8
       Potion            |       |     1 ||     1
Armor: Ring mail         |    49 |     4 ||    53
       Scale mail        |       |    47 ||    47
Dodge: Dodged            |    65 |    59 ||   124
